 Dungeon Crawl Stone Soup version 0.26-a0-466-g989023bd0d (webtiles) character file.

Game seed: 1792129457096813852

49 kae the Chiller (level 3, -7/24 HPs)
             Began as a Merfolk Ice Elementalist on Aug 14, 2020.
             Mangled by a bullfrog (8 damage)
             ... on level 3 of the Dungeon.
             The game lasted 00:01:31 (1665 turns).

kae the Chiller (Merfolk Ice Elementalist)          Turns: 1665, Time: 00:01:31

Health: -7/24      AC:  2    Str:  8    XL:     3   Next: 75%
Magic:  4/7        EV: 13    Int: 15    God:
Gold:   32         SH:  0    Dex: 14    Spells: 3/7 levels left

rFire    . . .     SeeInvis .   j - +0 whip
rCold    . . .     Faith    .   (no shield)
rNeg     . . .     Spirit   .   a - +0 robe
rPois    .         Reflect  .   (no helmet)
rElec    .         Harm     .   (no cloak)
rCorr    .                      (no gloves)
MR       .....                  (no boots)
Stlth    ++........             (no amulet)
HPRegen  0.08/turn              (no ring)
MPRegen  0.10/turn              (no ring)

@: no status effects
A: change form in water, swift swim, stealthy swim
a: no special abilities


You were on level 3 of the Dungeon.
You visited 1 branch of the dungeon, and saw 3 of its levels.

You collected 32 gold pieces.

Inventory:

Hand Weapons
 j - a +0 whip (weapon)
Armour
 a - a +0 robe (worn)
Jewellery
 k - a cursed +4 ring of protection {unknown}
Scrolls
 b - 4 scrolls of teleportation {unknown}
 d - 3 scrolls of remove curse {unknown}
Potions
 c - 2 potions of stabbing {unknown}
 e - a potion of mutation {unknown}
 f - 2 potions of magic {unknown}
 g - 2 potions of curing {unknown}
 h - a potion of heal wounds {unknown}
 i - a potion of brilliance {unknown}


   Skills:
 - Level 2.6 Dodging
 - Level 2.1 Stealth
 + Level 2.6 Spellcasting
 * Level 5.4 Ice Magic


You had 3 spell levels left.
You knew the following spells:

 Your Spells              Type           Power        Failure   Level
a - Freeze                Ice            ###.         2%          1
b - Frozen Ramparts       Ice            ###...       7%          3

Your spell library contained the following spells:

 Spells                   Type           Power        Failure   Level
 Ozocubu's Armour         Ice            ###.....     7%          3
 Hailstorm                Conj/Ice       ##......     56%         4
 Summon Ice Beast         Ice/Summ       ##......     56%         4


Dungeon Overview and Level Annotations

Branches:
Dungeon (3/15)

Altars:
The Shining One


Message History

The bullfrog is lightly wounded.
The bullfrog hits you.
Casting: Freeze (safe; 2% risk of failure)
Confirm with . or Enter, or press ? or * to list all spells.
Aiming: Freeze (safe; 2% risk of failure)
Press: ? - help, Shift-Dir - straight line, f/p - bullfrog
Aim: a bullfrog (lightly wounded)
You freeze the bullfrog.
The bullfrog is lightly wounded.
The bullfrog hits you. The bullfrog hits you!
* * * LOW HITPOINT WARNING * * *
Casting: Freeze (safe; 2% risk of failure)
Confirm with . or Enter, or press ? or * to list all spells.
Aiming: Freeze (safe; 2% risk of failure)
Press: ? - help, Shift-Dir - straight line, f/p - bullfrog
Aim: a bullfrog (lightly wounded)
You freeze the bullfrog!
The bullfrog is heavily wounded.
The bullfrog hits you!
You die...

#.#.#
#...#
#.#.#
#...#
#.#.#
#...#
#.#.###
#...#
#.#.#..
#...#
#.#.#.#
#...#
#.#.#.# .
#.F.#
#.#.#.#
....##.@.#
#.#.#.#
.........#
#.#.#.#
....####.#
#.#.#.#
... #.#
#.#.#.# .
#.#
#)#(#.#
#.#
#.#.#.#
#.#
#.#.#.#
#.#
#.#.#.#
#.#
#.#.#.#


You could see a bullfrog.

Vanquished Creatures
  2 gnolls (D:3)
  A worm (D:2)
  A dart slug (D:1)
  An orc (D:3)
  2 bats
  2 giant cockroaches
  3 goblins
  5 hobgoblins (D:1)
  A frilled lizard (D:1)
  3 kobolds (D:1)
  3 rats
24 creatures vanquished.

Notes
Turn   | Place    | Note
-------+----------+-------------------------------------------
     0 | D:1      | kae the Merfolk Ice Elementalist began the quest for the
                  | Orb.
     0 | D:1      | Reached XP level 1. HP: 13/13 MP: 3/3
   311 | D:1      | Found a glowing golden altar of the Shining One.
   315 | D:1      | Reached XP level 2. HP: 19/19 MP: 3/5
   790 | D:2      | Reached skill level 5 in Ice Magic
  1017 | D:2      | Reached XP level 3. HP: 24/24 MP: 4/6
  1022 | D:2      | Learned a level 3 spell: Frozen Ramparts
  1659 | D:3      | Noticed a bullfrog
  1664 | D:3      | HP: 1/24 [bullfrog (8)]
  1665 | D:3      | Mangled by a bullfrog

Illustrated notes

Levels and vault maps discovered:
D:1:      dpeg_arrival_simpleton_c, layout_rooms, tso_altar
D:2:      layout_basic, serial_glass, glass_columns_a, glass_columns_c,
          uniq_sigmund
D:3:      layout_basic, grunt_temple_overflow_growth_and_decay,
          nicolae_overflow_hidden_temple, ebering_ghost_reflecting_pool

Skill      XL: |  1  2 |
---------------+-------+-----
Ice Magic      | 5 |  5.4
Dodging        | |  2.6
Stealth        | |  2.1
Spellcasting   | |  2.6

Action                   || total
-------------------------++-------
Melee: Unarmed           ||    15
       Whip              ||     5
 Cast: Freeze            ||    44
 Stab: Sleeping          ||     2
Armor: Robe              ||    10
Dodge: Dodged            ||    30

Table legend: (Time is in decaauts)
 A = Elapsed time spent in this place.
 B = Non-inter-level travel time spent in this place.
 C = Inter-level travel time spent in this place.
 D = Time resting spent in this place.
 E = Time spent auto-exploring this place.
 F = Levels seen in this place.
 G = Mean time per level.
                   A        B        C        D        E       F      G
               +--------+--------+--------+--------+--------+-----+--------+
         Total |   1665 |   1644 |     21 |    184 |   1187 |   3 |  555.0 |
       Dungeon |   1665 |   1644 |     21 |    184 |   1187 |   3 |  555.0 |
               +--------+--------+--------+--------+--------+-----+--------+

Top non-repeatable levels by time:
     D:1: 782 daAuts
     D:3: 595 daAuts
     D:2: 287 daAuts
